Map: Dash and Terminal LE (Void)

Players

AlivEMouZ - Winner!

  • Race: Protoss Protoss
  • League: Bronze

wabbajack

  • Race: Zerg Zerg
  • League: Gold

VOD

Have the link to the VOD?

Description

Time

  • Played on: July 21, 2015, 2:41 p.m.
  • Length: 1:19
Show
View Real Time Build Order
Export as new Build Order

AlivEMouZ Protoss - Winner!

Build Orders:  

Get SALT Encoding   

  12  0:01  Probe  
  13  0:16  Probe  
  13  0:17  Pylon  
  14  0:35  Probe (Chrono Boost)  
  15  0:45  Probe (Chrono Boost)  
  16  0:52  Probe  
  16  0:53  Pylon  
  17  1:04  Probe  
  17  1:09  Forge  
  18  1:11  Pylon  
Show
View Real Time Build Order
Export as new Build Order

wabbajack Zerg 

Build Orders:  

Get SALT Encoding   

  12  0:01  Drone  
  13  0:13  Overlord  
  13  0:19  Drone  
  14  0:25  Extractor  
  14  0:26  Drone  
  15  0:34  Drone  
  16  0:36  Drone  
  17  1:05  Extractor  
  17  1:06  Hatchery  
Tags
 
Add a new tag
Caveats
  • Supply blocks, unpowered buildings, or Contaminate may cause inaccurate times.
  • Supply counts are checked every 10 seconds.